 Dungeon Crawl Stone Soup version 0.30-a0-218-gedb9141078 (webtiles) character file.

Game seed: 4973965592487786083

3082 lunkers the Cleaver (level 10, -13/77 HPs)
             Began as a Meteoran Gladiator on Oct 6, 2022.
             Was a Follower of Hepliaklqana.
             Shot with a bolt by an orc knight (18 damage)
             ... on level 1 of the Orcish Mines.
             The game lasted 00:11:21 (3060 turns).

lunkers the Cleaver (Meteoran Gladiator)            Turns: 3060, Time: 00:11:22

Health: -13/77     AC:  8    Str: 25    XL:     10   Next: 34%
Magic:  11/11      EV: 13    Int:  9    God:    Hepliaklqana [*.....]
Gold:   206        SH:  0    Dex: 19    Spells: 9/9 levels left

rFire   + . .      SeeInvis .    a - +5 war axe "Xyorch" {drain, Str+4 Dex+3}
rCold   . . .      Faith    .    I - orb {mayhem}
rNeg    . . .      Spirit   .    j - +2 ring mail {rF+}
rPois   .          Reflect  .    c - +0 helmet
rElec   .          Harm     .    (no cloak)
rCorr   .          Rampage  .    (no gloves)
Will    +....                    (no boots)
Stlth   +.........               (no amulet)
HPRegen 0.32/turn                (no ring)
MPRegen 0.12/turn                (no ring)

@: glowing
A: reduced essence, sense surroundings 2, otherworldly, glowing, explore regen
a: Renounce Religion, Recall Ancestor, Ancestor Identity


You were on level 1 of the Orcish Mines.
You worshipped Hepliaklqana.
Hepliaklqana was aware of your devotion.
You visited 2 branches of the dungeon, and saw 10 of its levels.
You also visited: Sewer.

You collected 367 gold pieces.
You spent 161 gold pieces at shops.

Inventory:

Hand Weapons
 a - the +5 war axe "Xyorch" (weapon) {drain, Str+4 Dex+3}
   (You bought it in a shop on level 6 of the Dungeon)

   A truly terrible weapon, it drains the life of any living foe it strikes.
   Str:       It affects your strength (+4).
   Dex:       It affects your dexterity (+3).
 b - the +5 scythe "Finisher" {speed, eviscerate}
   (You found it in a sewer)

   Attacks with this weapon are significantly faster.
   It may eviscerate those it strikes, slaying them instantly, with a decreasing
   chance against stronger foes.
 p - a +0 spectral quarterstaff
 K - a +0 war axe
 L - a +0 battleaxe of electrocution
Missiles
 d - 3 throwing nets
 e - a javelin
 g - 54 stones (quivered)
 l - 4 atropa-tipped darts
 s - 3 curare-tipped darts
 B - 3 boomerangs
 G - 13 poisoned darts
Armour
 c - a +0 helmet (worn)
 j - a +2 ring mail of fire resistance (worn)
 I - an orb of mayhem (worn)
Wands
 t - a wand of iceblast (2)
 A - a wand of digging (2)
 D - a wand of paralysis (12)
Scrolls
 i - 3 scrolls of teleportation {unknown}
 m - 2 scrolls of enchant armour {unknown}
 o - 3 scrolls of butterflies {unknown}
 r - 2 scrolls of vulnerability {unknown}
 u - a scroll of magic mapping {unknown}
 v - a scroll of enchant weapon {unknown}
 w - a scroll of summoning {unknown}
 J - 4 scrolls of fear {unknown}
 M - 3 scrolls of poison {unknown}
Potions
 f - 2 potions of attraction
 k - a potion of haste
 n - a potion of cancellation
 q - 4 potions of mutation
 x - a potion of invisibility
 z - 5 potions of flight
 C - 5 potions of lignification
 F - a potion of heal wounds
 H - a potion of resistance


   Skills:
 - Level 7.0 Fighting
 + Level 13.5(13.9) Axes
 - Level 5.2(10.2) Polearms
 - Level 2.4 Throwing
 - Level 3.6 Dodging


You had 9 spell levels left.
You didn't know any spells.
Your spell library contained the following spells:

 Spells                   Type           Power      Damage    Failure   Level
 Call Canine Familiar     Summ           0%         N/A       88%         3
 Portal Projectile        Hex/Tloc       0%         N/A       88%         3
 Leda's Liquefaction      Hex/Erth       0%         N/A       99%         4


Dungeon Overview and Level Annotations

Branches:
Dungeon (9/15) Zot: 2534      Orc (1/2) D:9 Zot: 568   Sewer (visited)
 Temple: D:4-7         Lair: D:8-11

Altars:
Cheibriados
Hepliaklqana
Vehumet

Shops:
D:5 (   D:6 (

Annotations:
D:5 2 transporters, scionoferis's ghost, novice KoBr
D:6 3 runed translucent doors, AltDragon's ghost, amateur MeBe; IdlyInterested's ghost, novice DsBr
D:8 exclusion: statue


Innate Abilities, Weirdness & Mutations

Your life essence is reduced to manifest your ancestor. (-10% HP)
You passively map the area around you.
You are easily found by Zot.
You glow in the dark.
You regain HP and MP as you explore.


Message History

The orc priest closely misses you.
You barely miss the warg.
The warg is almost dead.
You hit the orc priest. The warg barely misses you.
Xiuhtonal hits the warg.
The orc priest hits you with a +0 flail!
You barely miss the warg.
The warg is almost dead.
You slash the orc priest!
You kill the orc priest!
The warg closely misses you.
Xiuhtonal hits the warg!
The warg dies!
No target in view!
You now have 181 gold pieces (gained 7).
You now have 206 gold pieces (gained 25).
An orc knight comes into view. It is wielding a +3 halberd.
Found 17 gold pieces.
The orc knight shouts!
You hear a shout!
An orc comes into view. It is wielding a +0 dagger.
The orc knight roars a battlecry!
The orc goes into a battle-frenzy!
An orc priest comes into view. It is wielding a +0 club.
You hear a shout! x2
You see here 19 gold pieces.
An orc comes into view. It is wielding a +0 hand axe.
The orc shouts!
The orc knight unwields a +3 halberd.
The orc knight wields a +0 arbalest.
The orc knight shoots a bolt.
The bolt hits you!
A cyclops comes into view.
The cyclops shouts!
The orc hits you but does no damage.
The orc knight shoots a bolt.
The bolt misses you.
You closely miss the orc.
The cyclops throws a large rock.
The large rock hits you!!!
Ouch! That really hurt!
* * * LOW HITPOINT WARNING * * *
The orc hits you but does no damage.
You closely miss the orc.
The orc knight shoots a bolt.
The bolt hits you!!
* * * LOW HITPOINT WARNING * * *
The orc knight shoots a bolt.
The bolt hits you!!
You die...

C.., * ##* ...# #*
*.###... .#. ,, * ,
.#..$.,....,,* , #.#
#....##.#.. * *....
#.o....o... *
....###.#..$R#...,*
**,#...$..o........
* ###.....@........
##.###...$..#..$.# ,
#...*#............
#..###...........
###...#............
,
##..#.))...<........
#.....)......>......
,,
##..#...............
# ##.#........#... *
*


You could see the friendly Xiuhtonal the ancestor, an orc knight (ally target)
and 2 orcs.

Vanquished Creatures
  A two-headed ogre (D:8)
  A steam dragon (D:8)
  An orc warrior (D:8)
  2 ice beasts
  2 ogres (D:5)
  2 centaurs
  2 phantoms
  3 kobold brigands
  A gnoll sergeant (D:9)
  5 bullfrogs
  A necrophage (D:6)
  2 scorpions
  A howler monkey (D:5)
  A jelly (D:6)
  3 hounds
  An orc priest (Orc:1)
  Jessica (D:3)
  2 iguanas (D:5)
  2 orc wizards
  Ijyb (D:4)
  5 gnolls
  3 river rats (D:4)
  16 adders
  2 shadow imps (D:6)
  An ufetubus (D:6)
  3 worms
  2 dart slugs
  9 orcs
  3 bats
  4 endoplasms
  11 giant cockroaches
  7 goblins
  5 hobgoblins
  6 jackals
  10 quokkas
  7 ball pythons
  10 frilled lizards
  19 kobolds
  6 rats
164 creatures vanquished.

Vanquished Creatures (collateral kills)
  A warg (Orc:1)
  An orc wizard (D:8)
  2 gnolls (D:9)
  A kobold (D:8)
5 creatures vanquished.

Vanquished Creatures (others)
  2 withered plants (D:6)
2 creatures vanquished.

Grand Total: 171 creatures vanquished

Notes
Turn   | Place    | Note
-------+----------+-------------------------------------------
     0 | D:1      | lunkers the Meteoran Gladiator began the quest for the Orb.
     0 | D:1      | Reached XP level 1. HP: 17/17 MP: 2/2
    76 | D:1      | Reached skill level 4 in Axes
    76 | D:1      | Reached XP level 2. HP: 24/24 MP: 3/3
   262 | D:1      | Reached XP level 3. HP: 26/29 MP: 4/4
   329 | D:1      | Reached skill level 5 in Axes
   419 | D:2      | Reached XP level 4. HP: 30/36 MP: 5/5
   494 | D:2      | Reached skill level 6 in Axes
   496 | D:2      | Reached XP level 5. HP: 25/41 MP: 6/6
   602 | D:3      | Noticed Jessica
   613 | D:3      | Killed Jessica
   614 | D:3      | Reached skill level 7 in Axes
   659 | D:3      | Reached XP level 6. HP: 43/48 MP: 7/7
   868 | D:4      | Reached skill level 8 in Axes
   897 | D:4      | Noticed Ijyb
   912 | D:4      | Killed Ijyb
   913 | D:4      | Reached XP level 7. HP: 16/55 MP: 8/8
  1013 | D:4      | Found a glowing drain.
  1021 | Sewer    | Entered a sewer
  1158 | Sewer    | Reached skill level 9 in Axes
  1196 | Sewer    | Found the +5 scythe "Finisher" {speed, eviscerate}
  1438 | D:5      | Entered Level 5 of the Dungeon
  1468 | D:5      | Found Uliuzeoj's Weapon Emporium.
  1498 | D:5      | Reached skill level 1 in Polearms
  1542 | D:5      | Found a transporter.
  1545 | D:5      | Noticed scionoferis's ghost (novice KoBr)
  1549 | D:5      | Found a transporter.
  1745 | D:5      | Reached XP level 8. HP: 61/61 MP: 9/9
  1838 | D:5      | Reached skill level 5 in Polearms
  2013 | D:6      | Found Deme Cod's Antique Weapon Shoppe.
  2027 | D:6      | Reached skill level 5 in Fighting
  2032 | D:6      | Gained mutation: You passively map the area around you.
                  | [Meteoran growth]
  2032 | D:6      | Reached XP level 9. HP: 35/75 MP: 10/10
  2104 | D:6      | Found a hazy altar of Hepliaklqana.
  2155 | D:6      | Found a runed translucent gate.
  2157 | D:6      | Found a runed translucent gate.
  2159 | D:6      | Found a runed translucent gate.
  2160 | D:6      | Noticed AltDragon's ghost (amateur MeBe)
  2160 | D:6      | Noticed IdlyInterested's ghost (novice DsBr)
  2192 | D:6      | Became a worshipper of Hepliaklqana the Forgotten
  2223 | D:6      | Bought an ivory war axe for 161 gold pieces
  2223 | D:6      | Identified the +5 war axe "Xyorch" {drain, Str+4 Dex+3}
                  | (You bought it in a shop on level 6 of the Dungeon)
  2366 | D:7      | Reached skill level 10 in Axes
  2377 | D:7      | Found a snail-covered altar of Cheibriados.
  2563 | D:8      | Reached skill level 11 in Axes
  2716 | D:8      | Reached * piety under Hepliaklqana
  2738 | D:8      | Found a radiant altar of Vehumet.
  2898 | D:8      | Noticed a two-headed ogre
  2906 | D:8      | Killed a two-headed ogre
  2907 | D:8      | Reached skill level 12 in Axes
  2907 | D:8      | Reached XP level 10. HP: 34/77 MP: 11/11
  2996 | D:9      | Reached skill level 13 in Axes
  3004 | D:9      | Found a staircase to the Orcish Mines.
  3028 | Orc:1    | Entered Level 1 of the Orcish Mines
  3053 | Orc:1    | Noticed an orc knight
  3057 | Orc:1    | Noticed a cyclops
  3060 | Orc:1    | Shot with a bolt by an orc knight

Illustrated notes

Levels and vault maps discovered:
D:1:      lemuel_arrival_funnel, layout_loops_ring
D:2:      layout_loops_ring, ebering_ecumenical_altar_abandoned, basic_altar,
          uniq_crazy_yiuf_cottage
D:3:      layout_loops_ring, kennysheep_generic_room_16, uniq_jessica
D:4:      layout_basic, jmf_multi_god_temple, lightli_sewer_entry_pipes,
          uniq_edmund, uniq_ijyb
D:5:      layout_basic, chequers_temple_overflow_statue_of_worship,
          serial_shops, shop, gammafunk_ghost_mausoleum
D:6:      layout_rooms, lemuel_round_altar, minmay_temple_entry_stoned_glass,
          gammafunk_ghost_cemetery, serial_shops, shop
D:7:      layout_loops_ring, mainiacjoe_overflow_catwalk
D:8:      layout_basic, vehumet_statue
D:9:      layout_stronghold, orc_0_dummy, st_stairs_3
Orc:1:    layout_caves, basic_altar, serial_shops, shop_scrolls

Skill      XL: |  1  2  3  4  5  6  7  8  9 10 |
---------------+-------------------------------+-----
Axes           | 4 5 6 7 8 9 12 13 | 13.5
Polearms       | 3 5 |  5.2
Fighting       | 5 7 |  7.0
Throwing       | |  2.4
Dodging        | |  3.6

Action                   |  1- 3 |  4- 6 |  7- 9 | 10-12 || total
-------------------------+-------+-------+-------+-------++-------
Melee: War axe           |   100 |   128 |   168 |    21 ||   417
       Scythe            |       |       |    87 |       ||    87
Throw: Stone             |     2 |     4 |     8 |       ||    14
       Dart              |       |     4 |       |       ||     4
  Use: Scroll            |       |     4 |     6 |       ||    10
 Stab: Distracted        |       |     1 |       |       ||     1
Armor: Leather armour    |    37 |    24 |       |       ||    61
       Ring mail         |       |    18 |   107 |    16 ||   141
Dodge: Dodged            |    55 |    82 |   136 |    21 ||   294

Table legend: (Time is in decaauts)
 A = Elapsed time spent in this place.
 B = Non-inter-level travel time spent in this place.
 C = Inter-level travel time spent in this place.
 D = Time resting spent in this place.
 E = Time spent auto-exploring this place.
 F = Levels seen in this place.
 G = Mean time per level.
                   A        B        C        D        E       F      G
               +--------+--------+--------+--------+--------+-----+--------+
         Total |   3191 |   3076 |    115 |      2 |   1350 |  11 |  290.1 |
       Dungeon |   2865 |   2750 |    115 |      2 |   1350 |   9 |  318.3 |
  Orcish Mines |     30 |     30 |      0 |      0 |      0 |   1 |   30.0 |
         Sewer |    295 |    295 |      0 |      0 |      0 |   1 |  295.0 |
               +--------+--------+--------+--------+--------+-----+--------+

Top non-repeatable levels by time:
     D:5: 559 daAuts
     D:8: 540 daAuts
     D:1: 396 daAuts
     D:4: 389 daAuts
   Sewer: 295 daAuts
     D:6: 290 daAuts
     D:3: 261 daAuts
     D:2: 240 daAuts
     D:7: 144 daAuts
     D:9: 42 daAuts
   Orc:1: 30 daAuts
